[Event "Titled Tuesday Blitz November 07 Late 2023"]
[White "Matlakov, Maxim"]
[Black "dodoucb"]
[WhiteFideId "4168003"]
[WhiteElo "2959"]
[BlackElo "2487"]
[Result "1-0"]
[Round "1"]
[TimeControl "180+1"]
[Date "2023.11.07"]
[WhiteClock "0:02:41"]
[BlackClock "0:01:24"]
[Board "23"]

1. d4 Nf6 2. Nf3 e6 3. Bf4 b6 4. e3 Bb7 5. Nbd2 Be7 6. Bd3 d5 7. h4 c5 8. c3 Nc6 9. h5 h6 10. Ne5 a6 11. Qf3 b5 12. Qg3 Qb6 13. Qxg7 1-0


[Site "https://www.chess.com"]

[Event "Titled Tuesday Blitz November 07 Late 2023"]
[White "Minko, Dmitry"]
[Black "Sjugirov, Sanan"]
[WhiteFideId "24188468"]
[BlackFideId "4189302"]
[WhiteElo "2486"]
[BlackElo "2956"]
[Result "0-1"]
[Round "1"]
[TimeControl "180+1"]
[Date "2023.11.07"]
[WhiteClock "0:00:36"]
[BlackClock "0:00:33"]
[Board "24"]

1. e4 c5 2. Nf3 d6 3. d4 cxd4 4. Nxd4 Nf6 5. Nc3 a6 6. f3 e5 7. Nb3 Be6 8. Be3 Be7 9. Qd2 O-O 10. Nd5 Bxd5 11. exd5 Nbd7 12. Na5 Qc7 13. c4 e4 14. Be2 exf3 15. Bxf3 Ne5 16. Be2 Ne4 17. Qb4 Rae8 18. O-O Bg5 19. Bxg5 Nxg5 20. Rac1 Ne4 21. Nb3 b6 22. Bf3 Nd3 23. Qa3 Nxc1 24. Rxc1 a5 25. Nd4 Nc5 26. Qc3 g6 27. Rf1 Qe7 28. Nb5 Qd8 29. a3 Re5 30. b4 axb4 31. axb4 Ne4 32. Qd4 Ng5 33. c5 bxc5 34. bxc5 Nxf3+ 35. Rxf3 Re1+ 36. Kf2 Rfe8 37. Nxd6 R8e2+ 38. Kg3 Qg5+ 39. Kh3 Qxg2+ 0-1


[Site "https://www.chess.com"]

[Event "Titled Tuesday Blitz November 07 Late 2023"]
[White "Khismatullin, Denis"]
[Black "Remolar Gallen, Jose"]
[WhiteFideId "4142578"]
[BlackFideId "2215187"]
[WhiteElo "2951"]
[BlackElo "2479"]
[Result "1-0"]
[Round "1"]
[TimeControl "180+1"]
[Date "2023.11.07"]
[WhiteClock "0:01:22"]
[BlackClock "0:00:49"]
[Board "25"]

1. c4 e5 2. Nc3 Nf6 3. e3 c6 4. Nf3 e4 5. Nd4 d5 6. cxd5 cxd5 7. d3 exd3 8. Bxd3 Bc5 9. O-O O-O 10. Nce2 Re8 11. b3 Nbd7 12. Bb2 Ne5 13. Bb5 Bd7 14. Rc1 Bb6 15. Bxd7 Qxd7 16. Ng3 Rac8 17. Qe2 Rxc1 18. Rxc1 Rc8 19. Rd1 Nc6 20. Ndf5 Bd8 21. Qf3 d4 22. Nxd4 Nxd4 23. Bxd4 Qe6 24. h3 b6 25. Nf5 Rc2 26. g4 h5 27. gxh5 Ne4 28. Bxg7 Rxf2 29. Rxd8+ Kh7 30. Rh8# 1-0


[Site "https://www.chess.com"]

[Event "Titled Tuesday Blitz November 07 Late 2023"]
[White "Willy, Stephen"]
[Black "Aravindh, Chithambaram VR."]
[WhiteFideId "30981468"]
[BlackFideId "5072786"]
[WhiteElo "2478"]
[BlackElo "2939"]
[Result "0-1"]
[Round "1"]
[TimeControl "180+1"]
[Date "2023.11.07"]
[WhiteClock "0:01:29"]
[BlackClock "0:01:35"]
[Board "26"]

1. e4 e5 2. Nf3 Nc6 3. c3 Nf6 4. d4 exd4 5. e5 Nd5 6. Bc4 Nb6 7. Bb3 d5 8. cxd4 Bg4 9. Be3 Be7 10. Nbd2 O-O 11. h3 Bh5 12. O-O f6 13. Qc2 Na5 14. exf6 Bxf6 15. Ne5 Nxb3 16. Qxb3 Kh8 17. Rfe1 Bxe5 18. dxe5 d4 19. e6 dxe3 20. Qxe3 Qe7 21. Rac1 Rad8 22. Qe5 Rxd2 23. Rxc7 Qf6 24. e7 Qxf2+ 0-1


[Site "https://www.chess.com"]

[Event "Titled Tuesday Blitz November 07 Late 2023"]
[White "Indjic, Aleksandar"]
[Black "Khater, Sherif"]
[WhiteFideId "911925"]
[BlackFideId "2034280"]
[WhiteElo "2932"]
[BlackElo "2477"]
[Result "0-1"]
[Round "1"]
[TimeControl "180+1"]
[Date "2023.11.07"]
[WhiteClock "0:00:04"]
[BlackClock "0:00:11"]
[Board "27"]

1. c4 c5 2. g3 Nc6 3. Bg2 g6 4. Nc3 Bg7 5. d3 d6 6. Qd2 Nf6 7. b3 O-O 8. Bxc6 bxc6 9. Bb2 e5 10. f4 exf4 11. gxf4 a5 12. Nf3 Re8 13. h3 Nh5 14. Ne4 Bf5 15. Bxg7 Kxg7 16. Nc3 Qf6 17. Rc1 Re7 18. Kf2 Bd7 19. e3 Bf5 20. Rce1 Kg8 21. Reg1 Rae8 22. e4 Bd7 23. Ne2 a4 24. Rg5 axb3 25. axb3 Ra8 26. Rhg1 Kh8 27. f5 Bc8 28. Nc3 Rea7 29. e5 dxe5 30. Ne4 Qd8 31. Rxh5 Ra2 32. fxg6 Rxd2+ 33. Nfxd2 fxg6 34. Rxg6 Ra7 35. Ke2 Rg7 36. Rxg7 Kxg7 37. Rxe5 Bxh3 38. Rxc5 h5 39. Ke3 Bg4 40. b4 Qh4 41. Rxc6 Qe1+ 42. Kd4 h4 43. Rc7+ Kg6 44. Rc6+ Kg7 45. Rc5 Qg1+ 46. Kc3 h3 47. Rg5+ Kf7 48. Nd6+ Ke6 49. N2e4 h2 50. Rg6+ Kd7 51. Nc5+ Ke7 52. Nce4 h1=Q 53. b5 Qc1+ 54. Kd4 Qhg1+ 55. Kd5 Bf3 56. Rxg1 Qxg1 57. c5 Qg5+ 58. Kd4 Qg7+ 59. Kd5 Qg8+ 60. Kd4 Qa2 61. b6 Ke6 62. Ke3 Bxe4 63. Nxe4 Qa1 64. c6 Kd5 65. b7 Qd4+ 66. Ke2 Qb2+ 67. Ke3 Qc1+ 68. Ke2 Qb2+ 69. Ke3 Kxc6 70. Nd2 Kxb7 71. Nc4 Qh8 72. Nd6+ Kc6 73. Ne4 Kd5 74. Nd2 Qh6+ 75. Ke2 Qe6+ 76. Ne4 Qc8 77. Ke3 Ke5 78. d4+ Kd5 79. Nf6+ Ke6 80. Ne4 Qc1+ 81. Kd3 Kd7 82. Nc3 Ke8 83. Kc4 Qf1+ 84. Kd5 Kd8 85. Kc5 Qf5+ 86. Kc4 Kd7 87. Nd5 Qf1+ 88. Kc5 Qh1 89. Nb6+ Kc7 90. Nc4 Qc1 91. d5 Qg1+ 92. Kb4 Kb7 93. Kb5 Qf1 94. Kc5 Qf2+ 95. Kb5 Qe2 96. Kc5 Qf2+ 97. Kb5 Qg2 98. Kc5 Qh2 99. Nd6+ Ka7 100. Nc4 Qh5 101. Kc6 Qd1 102. Nd6 Qc2+ 103. Kd7 Kb6 104. Ke6 Kc5 105. Nb7+ Kd4 106. d6 Qe4+ 107. Kf7 Qxb7+ 108. d7 Qxd7+ 0-1


[Site "https://www.chess.com"]

[Event "Titled Tuesday Blitz November 07 Late 2023"]
[White "Kochiev, Ivan"]
[Black "Grigoriants, Sergey"]
[WhiteFideId "2917890"]
[BlackFideId "4130804"]
[WhiteElo "2477"]
[BlackElo "2930"]
[Result "1-0"]
[Round "1"]
[TimeControl "180+1"]
[Date "2023.11.07"]
[WhiteClock "0:00:16"]
[BlackClock "0:00:00"]
[Board "28"]

1. e4 e6 2. d4 d5 3. Nd2 c5 4. exd5 Qxd5 5. Ngf3 cxd4 6. Bc4 Qd8 7. O-O Nc6 8. Nb3 a6 9. Nbxd4 Nxd4 10. Nxd4 Qc7 11. Bd3 Bd6 12. h3 Ne7 13. Qf3 O-O 14. c3 Ng6 15. Bc2 Bd7 16. Be3 Ne5 17. Qh5 g6 18. Qe2 Nc4 19. Bc1 e5 20. Nf3 f6 21. b3 Na5 22. Bb2 Rae8 23. Rad1 Be6 24. Rfe1 Nc6 25. Nd2 Rd8 26. Nc4 Bc5 27. Ne3 f5 28. Rxd8 Rxd8 29. Rd1 e4 30. c4 Nd4 31. Qe1 a5 32. Bb1 b6 33. Nc2 Nxc2 34. Bxc2 Rxd1 35. Qxd1 Bf8 36. f3 exf3 37. Qxf3 Qd6 38. Qc3 Kf7 39. Qh8 1-0


[Site "https://www.chess.com"]

[Event "Titled Tuesday Blitz November 07 Late 2023"]
[White "Rostovtsev, Dmitry"]
[Black "Koc, Przemyslaw"]
[WhiteFideId "34278320"]
[BlackFideId "1109081"]
[WhiteElo "2928"]
[BlackElo "2473"]
[Result "1-0"]
[Round "1"]
[TimeControl "180+1"]
[Date "2023.11.07"]
[WhiteClock "0:00:45"]
[BlackClock "0:00:00"]
[Board "29"]

1. d4 f5 2. c4 Nf6 3. Nc3 g6 4. Nf3 Bg7 5. g3 O-O 6. Bg2 d6 7. O-O Qe8 8. d5 Na6 9. Rb1 c5 10. a3 h6 11. b4 g5 12. Nb5 Qh5 13. e3 Bd7 14. bxc5 Nxc5 15. Nfd4 Qg6 16. Nc7 Rac8 17. Nce6 Bxe6 18. dxe6 Nfe4 19. Bb2 g4 20. f3 gxf3 21. Bxf3 Nxe6 22. Bh5 Qg5 23. Nxe6 Qxe3+ 24. Kg2 Bxb2 25. Rxb2 Nc3 26. Qe1 Qxe1 27. Rxe1 Rf6 28. Rxb7 Ne4 29. Rxe7 Rxc4 30. Bf3 Rc2+ 31. Re2 Rxe2+ 32. Bxe2 d5 33. Nf4 Rd6 34. Nxd5 Rxd5 35. Bc4 Kf8 36. Rxe4 Rd2+ 37. Re2 Rd4 38. Rc2 a5 39. Be2 f4 40. g4 Kf7 41. Kf3 Kf6 42. Rc4 1-0


[Site "https://www.chess.com"]

[Event "Titled Tuesday Blitz November 07 Late 2023"]
[White "Baches Garcia, Guillermo"]
[Black "Bortnyk, Mykola"]
[WhiteFideId "2209764"]
[BlackFideId "14120836"]
[WhiteElo "2473"]
[BlackElo "2923"]
[Result "0-1"]
[Round "1"]
[TimeControl "180+1"]
[Date "2023.11.07"]
[WhiteClock "0:00:00"]
[BlackClock "0:00:19"]
[Board "30"]

1. d4 Nf6 2. Nf3 e6 3. Bg5 Be7 4. Nbd2 d5 5. e3 Nbd7 6. Bd3 c5 7. c3 h6 8. Bf4 Nh5 9. Be5 Nxe5 10. Nxe5 Nf6 11. f4 Bd7 12. Qf3 Qb6 13. Rb1 cxd4 14. exd4 Bb5 15. Bc2 Nd7 16. Qh5 Nxe5 17. fxe5 g6 18. Qf3 Rf8 19. Bd3 f6 20. Bxb5+ Qxb5 21. exf6 Rxf6 22. Qe2 Qa4 23. Nf3 O-O-O 24. O-O Rdf8 25. b3 Qc6 26. c4 dxc4 27. bxc4 Kb8 28. Rb3 Bd6 29. Rfb1 R8f7 30. c5 Bf4 31. Ne5 Bxe5 32. Qxe5+ Kc8 33. h3 g5 34. Re3 Qd5 35. Rbe1 Qc4 36. c6 bxc6 37. Kh2 Qd5 38. Rb3 Qxe5+ 39. dxe5 Rf2 40. Reb1 c5 41. Rb8+ Kc7 42. R1b7+ Kc6 43. Rxf7 Rxf7 44. Re8 Kd5 0-1


[Site "https://www.chess.com"]

[Event "Titled Tuesday Blitz November 07 Late 2023"]
[White "Chigaev, Maksim"]
[Black "Lekic, Dusan"]
[WhiteFideId "4108116"]
[BlackFideId "905330"]
[WhiteElo "2922"]
[BlackElo "2470"]
[Result "1-0"]
[Round "1"]
[TimeControl "180+1"]
[Date "2023.11.07"]
[WhiteClock "0:00:05"]
[BlackClock "0:00:00"]
[Board "31"]

1. Nf3 d5 2. c4 dxc4 3. e3 Nf6 4. Bxc4 e6 5. O-O c5 6. b3 Be7 7. Bb2 O-O 8. d4 cxd4 9. Nxd4 Bd7 10. Nd2 Nc6 11. N4f3 a6 12. a3 b5 13. Bd3 Rc8 14. Qe2 h6 15. Rfd1 Qc7 16. Ne4 Nxe4 17. Bxe4 Na5 18. Rac1 Qa7 19. Bd4 Qb8 20. Qb2 Rxc1 21. Rxc1 f6 22. Nh4 e5 23. Ng6 Re8 24. Bd5+ Kh7 25. Qb1 f5 26. Bxe5 Bd6 27. Bxd6 Qxd6 28. Nf4 Qxa3 29. Bf7 Re7 30. Bg6+ Kg8 31. h4 Qxb3 32. Qa1 Qa4 33. Qc3 Nc6 34. Qc5 Qe4 35. Qb6 Kf8 36. h5 Re5 37. Qxa6 b4 38. Qa8+ Ke7 39. Qg8 Kd6 40. Qxg7 Kc7 41. Rd1 1-0


[Site "https://www.chess.com"]

[Event "Titled Tuesday Blitz November 07 Late 2023"]
[White "Ahmad, Khagan"]
[Black "Kovalev, Vladislav"]
[WhiteFideId "13431552"]
[BlackFideId "13504398"]
[WhiteElo "2469"]
[BlackElo "2919"]
[Result "0-1"]
[Round "1"]
[TimeControl "180+1"]
[Date "2023.11.07"]
[WhiteClock "0:00:00"]
[BlackClock "0:00:47"]
[Board "32"]

1. Nf3 Nf6 2. c4 e6 3. d4 b6 4. a3 Bb7 5. Nc3 d5 6. Bf4 Bd6 7. Bxd6 cxd6 8. e3 O-O 9. cxd5 Nxd5 10. Bd3 Nxc3 11. bxc3 Nd7 12. O-O Rc8 13. Rc1 e5 14. e4 d5 15. exd5 Bxd5 16. dxe5 Nc5 17. Bb1 Qd7 18. Nd4 Rfd8 19. Qh5 g6 20. Qg5 Ne6 21. Nxe6 Bxe6 22. h4 Qd2 23. Qf6 Rc6 24. Be4 Rc4 25. Bf3 Rf4 26. Qg5 Ra4 27. Qf6 Rf4 28. Qg5 Rf5 29. Qxd2 Rxd2 30. Rfe1 Rf4 31. Re4 Rxe4 32. Bxe4 Ra2 33. c4 Rxa3 34. c5 bxc5 35. Rxc5 a5 36. Rc7 a4 37. Ra7 Ra1+ 38. Kh2 a3 39. h5 Kg7 40. hxg6 hxg6 0-1


[Site "https://www.chess.com"]

[Event "Titled Tuesday Blitz November 07 Late 2023"]
[White "Melkumyan, Hrant"]
[Black "Ventura Bolet, Maxim"]
[WhiteFideId "13302485"]
[BlackFideId "22238824"]
[WhiteElo "2915"]
[BlackElo "2467"]
[Result "1-0"]
[Round "1"]
[TimeControl "180+1"]
[Date "2023.11.07"]
[WhiteClock "0:01:05"]
[BlackClock "0:00:35"]
[Board "33"]

1. c4 g6 2. d4 Bg7 3. Nc3 d6 4. e4 e5 5. dxe5 dxe5 6. Qxd8+ Kxd8 7. Be3 c6 8. O-O-O+ Ke8 9. h4 Be6 10. h5 Nd7 11. h6 Bf8 12. Nf3 f6 13. g3 b6 14. Bh3 Bxh3 15. Rxh3 Bc5 16. Bxc5 Nxc5 17. Rd6 Rc8 18. Rh1 Ke7 19. Rhd1 Nxh6 20. b4 Nf7 21. bxc5 Nxd6 22. cxd6+ Ke6 23. c5 Rhd8 24. Na4 Rb8 25. Nd2 bxc5 26. Nc4 Rb5 27. a3 f5 28. exf5+ gxf5 29. Kc2 f4 30. Nc3 Rb7 31. Re1 fxg3 32. Rxe5+ Kd7 33. fxg3 Kc8 34. Rxc5 Rg7 35. Ne4 Rg4 36. Kd3 Re8 37. Ne5 Rd8 38. Nxg4 1-0


[Site "https://www.chess.com"]

[Event "Titled Tuesday Blitz November 07 Late 2023"]
[White "Kovacsy, Barnabas"]
[Black "Bauman_Guy"]
[WhiteFideId "769290"]
[WhiteElo "2466"]
[BlackElo "2909"]
[Result "0-1"]
[Round "1"]
[TimeControl "180+1"]
[Date "2023.11.07"]
[WhiteClock "0:00:07"]
[BlackClock "0:00:26"]
[Board "34"]

1. e4 c5 2. Nf3 d6 3. d4 Nf6 4. Nc3 cxd4 5. Nxd4 a6 6. Qe2 Qb6 7. Nb3 Nbd7 8. Be3 Qc7 9. g3 b5 10. Bg2 Bb7 11. a3 g6 12. O-O Bg7 13. Rfe1 O-O 14. Rad1 Nb6 15. Nd5 Nfxd5 16. exd5 Nc4 17. Bd4 Nxb2 18. Bxg7 Kxg7 19. Rd4 Rae8 20. h4 Nc4 21. h5 Ne5 22. f4 Nd7 23. hxg6 hxg6 24. Re4 Nf6 25. Rxe7 Rxe7 26. Qxe7 Rc8 27. Nd4 Qxe7 28. Rxe7 Bxd5 29. Bxd5 Nxd5 30. Ra7 Nc7 31. Kf2 Kf6 32. g4 g5 33. Kf3 gxf4 34. Kxf4 Ne6+ 35. Nxe6 Kxe6 36. Rxa6 Rxc2 37. Rb6 Rc4+ 38. Kf3 Rc5 39. Ke4 f6 40. Rb8 Kd7 41. Rf8 Ke7 42. Rb8 Re5+ 43. Kd4 Rg5 44. Ke3 Kd7 45. Kf4 Rc5 46. Ke4 Ke6 47. Re8+ Kf7 48. Rb8 Re5+ 49. Kf4 Ke7 50. Rb7+ Ke6 51. Rb8 Rg5 52. Re8+ Kd7 53. Rf8 Ke7 54. Rb8 Rc5 55. Ke4 Rc3 56. Rxb5 Rxa3 57. Kf5 Rf3+ 58. Ke4 Rf1 59. Rb8 Rd1 60. Ra8 d5+ 61. Ke3 Rg1 62. Kf4 d4 63. Ra6 Kf7 64. Rd6 Rd1 65. Ke4 Kg6 66. Kf4 d3 67. Kg3 d2 68. Kg2 Kg5 69. Rd4 Kh4 70. g5+ Kxg5 71. Rd8 f5 72. Rd3 f4 73. Rd8 Kf5 74. Rf8+ Ke6 75. Re8+ Kd7 76. Re4 Rg1+ 77. Kxg1 d1=Q+ 78. Kf2 Qg4 79. Rd4+ Ke6 80. Re4+ Kf5 81. Re8 Qg3+ 82. Kf1 Qd3+ 83. Kf2 Qc2+ 84. Kf1 Qb1+ 85. Kf2 Qb2+ 86. Kg1 Qb6+ 87. Kh2 Qh6+ 88. Kg1 Qg6+ 89. Kh1 Qxe8 0-1


[Site "https://www.chess.com"]

[Event "Titled Tuesday Blitz November 07 Late 2023"]
[White "Zhigalko, Sergei"]
[Black "Meduri, Aakaash"]
[WhiteFideId "13502956"]
[BlackFideId "2032252"]
[WhiteElo "2903"]
[BlackElo "2465"]
[Result "1-0"]
[Round "1"]
[TimeControl "180+1"]
[Date "2023.11.07"]
[WhiteClock "0:00:39"]
[BlackClock "0:01:08"]
[Board "35"]

1. e4 c5 2. Nf3 d6 3. d4 cxd4 4. Qxd4 a6 5. Bc4 Nc6 6. Qd3 g6 7. Nc3 Bg7 8. Bb3 Nf6 9. Bg5 O-O 10. O-O-O Ng4 11. Rhf1 Be6 12. Kb1 Rc8 13. Nd5 Bxd5 14. exd5 Nge5 15. Qe4 Nxf3 16. gxf3 Ne5 17. f4 f6 18. Bh4 Nd7 19. f5 Nc5 20. Qe2 Qd7 21. fxg6 hxg6 22. Rg1 Qf5 23. f3 Rc7 24. Bf2 Nxb3 25. axb3 Rfc8 26. Rd2 Rc5 27. Bxc5 Rxc5 28. Qxe7 Rxd5 29. Qe8+ Kh7 30. Rxd5 1-0


[Site "https://www.chess.com"]

[Event "Titled Tuesday Blitz November 07 Late 2023"]
[White "victormago"]
[Black "Salinas Herrera, Pablo"]
[BlackFideId "3407128"]
[WhiteElo "2463"]
[BlackElo "2902"]
[Result "0-1"]
[Round "1"]
[TimeControl "180+1"]
[Date "2023.11.07"]
[WhiteClock "0:00:11"]
[BlackClock "0:01:09"]
[Board "36"]

1. d4 g6 2. Nf3 Bg7 3. c4 d6 4. Nc3 Nc6 5. e3 e5 6. dxe5 dxe5 7. Qxd8+ Nxd8 8. Be2 c6 9. O-O f6 10. b3 Nh6 11. Ba3 Bf8 12. Bxf8 Rxf8 13. Rad1 Ke7 14. Ne4 Ne6 15. Nd6 Nf7 16. Nxf7 Rxf7 17. Rd2 Bd7 18. Rfd1 Be8 19. Ne1 a5 20. a3 f5 21. Nd3 Kf6 22. f4 exf4 23. exf4 Rd7 24. Bf1 Rad8 25. g3 Nc5 26. b4 axb4 27. axb4 Ne4 28. Rc2 Bf7 29. Be2 Rd4 30. Nb2 h6 31. Rxd4 Rxd4 32. Bd3 Nd6 33. Kf2 Nc8 34. Ke3 Rd8 35. c5 Ne7 36. Bc4 Bxc4 37. Rxc4 Nd5+ 38. Ke2 Ra8 39. Kd2 Ra2 40. Kc1 Ra1+ 41. Kd2 Rh1 42. Rd4 Rxh2+ 43. Kc1 g5 44. fxg5+ hxg5 45. b5 Rg2 46. bxc6 bxc6 47. Rd3 g4 48. Nc4 Rg1+ 49. Kd2 Ra1 50. Ne3 Ra2+ 51. Kc1 Nxe3 52. Rxe3 Ra5 53. Rc3 Ke5 54. Kd2 Ra2+ 55. Ke3 Rg2 0-1


[Site "https://www.chess.com"]

[Event "Titled Tuesday Blitz November 07 Late 2023"]
[White "Nyzhnyk, Illya"]
[Black "Zirkelbach, Maj"]
[WhiteFideId "14118084"]
[BlackFideId "14613395"]
[WhiteElo "2894"]
[BlackElo "2462"]
[Result "0-1"]
[Round "1"]
[TimeControl "180+1"]
[Date "2023.11.07"]
[WhiteClock "0:00:08"]
[BlackClock "0:00:08"]
[Board "37"]

1. Nf3 Nf6 2. g3 d5 3. Bg2 c6 4. O-O Bg4 5. d3 Nbd7 6. c3 e5 7. Nbd2 Be7 8. Qc2 O-O 9. h3 Bh5 10. e4 dxe4 11. Nxe4 Nxe4 12. dxe4 Qc7 13. Be3 Nc5 14. b4 Ne6 15. Ne1 Rfd8 16. Nd3 f6 17. f4 exf4 18. gxf4 b6 19. f5 Nf8 20. Bf4 Qc8 21. Rae1 Qa6 22. Nc1 Qc4 23. Rf2 c5 24. Bf1 Qf7 25. b5 Kh8 26. c4 Bd6 27. Nd3 Bxf4 28. Rxf4 Rd4 29. Rh4 g5 30. fxg6 Bxg6 31. Nf4 Re8 32. Nd5 f5 33. Qf2 fxe4 34. Qxf7 Bxf7 35. Nf6 Re6 36. Nd5 Rg6+ 37. Bg2 Bxd5 38. cxd5 Rxd5 39. Rhxe4 Rd8 40. Re7 Rg7 41. Kh1 c4 42. Rxg7 Kxg7 43. Re7+ Kf6 44. Rxa7 Ne6 45. Ra3 Rd1+ 46. Kh2 Rd3 47. Ra4 c3 48. Rc4 Ke5 49. Bf1 Rd2+ 50. Kg3 c2 51. Kf3 Nd4+ 52. Ke3 Rd1 0-1


[Site "https://www.chess.com"]

[Event "Titled Tuesday Blitz November 07 Late 2023"]
[White "Cristi_Coca"]
[Black "Davtyan, Artur"]
[BlackFideId "13308327"]
[WhiteElo "2461"]
[BlackElo "2887"]
[Result "1-0"]
[Round "1"]
[TimeControl "180+1"]
[Date "2023.11.07"]
[WhiteClock "0:00:52"]
[BlackClock "0:00:22"]
[Board "38"]

1. e4 c5 2. c3 Nf6 3. e5 Nd5 4. Nf3 e6 5. d4 cxd4 6. cxd4 b6 7. Bd2 Ba6 8. Nc3 Bxf1 9. Kxf1 Nxc3 10. Bxc3 Nc6 11. d5 exd5 12. Qxd5 Be7 13. Rd1 Rc8 14. h4 Rc7 15. h5 h6 16. Rh3 Nb4 17. Bxb4 Bxb4 18. Rg3 O-O 19. Nd4 Qh4 20. Nf5 Qh1+ 21. Ke2 Qxh5+ 22. Qf3 Qxf3+ 23. Kxf3 f6 24. Rxg7+ Kh8 25. Rh1 Bd2 26. Rg6 fxe5 27. g4 Rc6 28. Rxc6 dxc6 29. Rd1 Bg5 30. Ke4 c5 31. Rd6 Rf7 32. f3 Kh7 33. Kxe5 Bc1 34. Ke4 Bxb2 35. Rxh6+ Kg8 36. Re6 Kf8 37. g5 c4 38. Rc6 Rd7 39. g6 Rd8 40. Rxc4 Bc1 41. Rxc1 1-0


[Site "https://www.chess.com"]

[Event "Titled Tuesday Blitz November 07 Late 2023"]
[White "Bachmann, Axel"]
[Black "Estrada Nieto, Julian"]
[WhiteFideId "3700488"]
[BlackFideId "5101018"]
[WhiteElo "2875"]
[BlackElo "2456"]
[Result "1-0"]
[Round "1"]
[TimeControl "180+1"]
[Date "2023.11.07"]
[WhiteClock "0:01:26"]
[BlackClock "0:00:00"]
[Board "39"]

1. d4 d5 2. c4 dxc4 3. Nf3 Nf6 4. e3 e6 5. Bxc4 a6 6. O-O c5 7. e4 Nxe4 8. d5 Nd6 9. dxe6 Bxe6 10. Bxe6 fxe6 11. Re1 Be7 12. Rxe6 O-O 13. Bg5 Nf5 14. Qb3 Kh8 15. Bxe7 Nxe7 16. Nc3 Nbc6 17. Qxb7 Rb8 18. Qxa6 Rxb2 19. Rxc6 Nxc6 20. Qxc6 Qa5 21. Qd6 Rfb8 22. Qd3 h6 23. h3 c4 24. Qxc4 Rc2 25. Qf4 Rbb2 26. Re1 Rxc3 27. Re8+ Kh7 28. Qe4+ 1-0


[Site "https://www.chess.com"]

[Event "Titled Tuesday Blitz November 07 Late 2023"]
[White "Abduzhaparov"]
[Black "Kamsky, Gata"]
[BlackFideId "2000024"]
[WhiteElo "2455"]
[BlackElo "2863"]
[Result "0-1"]
[Round "1"]
[TimeControl "180+1"]
[Date "2023.11.07"]
[WhiteClock "0:00:29"]
[BlackClock "0:00:41"]
[Board "40"]

1. Nf3 Nf6 2. c4 c6 3. d4 d5 4. e3 g6 5. h3 Bg7 6. Bd3 O-O 7. b3 e6 8. O-O Nbd7 9. Bb2 b6 10. Nc3 Bb7 11. e4 dxe4 12. Nxe4 Nxe4 13. Bxe4 f5 14. Bc2 c5 15. Rb1 Bxf3 16. Qxf3 Bxd4 17. Bxd4 cxd4 18. Qc6 e5 19. Rbd1 Nc5 20. Rfe1 Rc8 21. Qd5+ Qxd5 22. cxd5 Nd7 23. Bd3 Rfd8 24. Bb5 Rc5 25. Bc6 a5 26. a3 Nb8 27. b4 axb4 28. axb4 Rc4 29. b5 e4 30. Rc1 Rxc1 31. Rxc1 Nd7 32. Ra1 d3 33. Kf1 Nf6 34. Ra4 Kf8 35. Ke1 Ke7 36. Ra7+ Kd6 37. Rb7 Nxd5 38. Bxd5 Kxd5 39. Rxb6 Ra8 40. Ra6 Rxa6 41. bxa6 Kc6 42. Kd2 Kb6 43. f3 Kxa6 44. g4 Kb5 0-1


[Site "https://www.chess.com"]

[Event "Titled Tuesday Blitz November 07 Late 2023"]
[White "Mikaelyan, Arman"]
[Black "Jovic, Stanoje"]
[WhiteFideId "13304852"]
[BlackFideId "905020"]
[WhiteElo "2862"]
[BlackElo "2455"]
[Result "1-0"]
[Round "1"]
[TimeControl "180+1"]
[Date "2023.11.07"]
[WhiteClock "0:00:09"]
[BlackClock "0:00:00"]
[Board "41"]

1. d4 Nf6 2. Nf3 e6 3. c4 Bb4+ 4. Nbd2 O-O 5. a3 Bxd2+ 6. Qxd2 d5 7. e3 b6 8. Be2 a5 9. b3 Ba6 10. a4 c5 11. O-O Nc6 12. dxc5 bxc5 13. Bb2 dxc4 14. bxc4 Qxd2 15. Nxd2 Rab8 16. Bxf6 gxf6 17. Ne4 Rb2 18. Rfe1 Nb4 19. Bf1 Nc2 20. Re2 Bxc4 21. Rd2 Bxf1 22. Rxf1 Rfb8 23. Nxf6+ Kg7 24. Ne4 c4 25. Rc1 Na3 26. Rxb2 Rxb2 27. g4 Rb4 28. Nc5 Rb1 29. Rxb1 Nxb1 30. Kf1 h5 31. gxh5 Kh6 32. Ke1 Kxh5 33. Nb7 Nc3 34. Nxa5 Nxa4 35. Nxc4 Kg4 36. Ne5+ Kh3 37. Nxf7 Kxh2 38. Kf1 Nc5 39. Ne5 Kh3 40. Kg1 Ne4 41. Nd3 Kg4 42. Kg2 Ng5 43. f3+ Kf5 44. Kg3 e5 45. Nf2 Ne6 46. Ne4 Nc7 47. Nc5 Nb5 48. Kh4 Nc3 49. Kg3 Ne2+ 50. Kf2 Nc3 51. e4+ Kf6 52. Kg3 Ne2+ 53. Kg4 Nf4 54. Na6 Ke6 55. Nb4 Ne2 56. Nd5 Nd4 57. Ne3 Ne2 58. Ng2 Nd4 59. Nh4 Ne2 60. Kg5 Nd4 61. Kg6 Ne2 62. Kg7 Nd4 63. Kf8 Ne2 64. Ke8 Nd4 65. Kd8 Ne2 66. Kc7 Kf6 67. Kd6 Kg5 68. Ng2 Kf6 69. Ne3 Nd4 70. Ng4+ Kg5 71. Nxe5 Ne2 72. Nd3 Kh4 73. e5 Kg5 74. e6 Nd4 75. e7 Nf5+ 76. Ke6 1-0


[Site "https://www.chess.com"]

[Event "Titled Tuesday Blitz November 07 Late 2023"]
[White "Kravtsiv, Martyn"]
[Black "Halak, Miklos"]
[WhiteFideId "14113147"]
[BlackFideId "726400"]
[WhiteElo "2853"]
[BlackElo "2446"]
[Result "1-0"]
[Round "1"]
[TimeControl "180+1"]
[Date "2023.11.07"]
[WhiteClock "0:02:23"]
[BlackClock "0:02:10"]
[Board "43"]

1. e4 c6 2. Nf3 d5 3. d3 g6 4. e5 Bg7 5. d4 c5 6. Nc3 cxd4 7. Qxd4 e6 8. Nb5 Nc6 9. Qf4 Nh6 10. Nd6+ Kf8 11. g4 Nxe5 12. Nxe5 Bxe5 13. Qxe5 1-0


[Site "https://www.chess.com"]

[Event "Titled Tuesday Blitz November 07 Late 2023"]
[White "Akhayan, Ruben"]
[Black "Vasquez Schroeder, Rodrigo"]
[WhiteFideId "204439"]
[BlackFideId "3400042"]
[WhiteElo "2445"]
[BlackElo "2844"]
[Result "0-1"]
[Round "1"]
[TimeControl "180+1"]
[Date "2023.11.07"]
[WhiteClock "0:00:51"]
[BlackClock "0:01:58"]
[Board "44"]

1. e4 c5 2. Nf3 d6 3. d4 cxd4 4. Nxd4 Nf6 5. Nc3 a6 6. Bc4 e6 7. Bb3 b5 8. O-O Be7 9. f4 O-O 10. e5 dxe5 11. fxe5 Bc5 12. Be3 Nc6 13. Nxc6 Bxe3+ 14. Kh1 Qxd1 15. Raxd1 Ng4 16. Ne7+ Kh8 17. Rxf7 Nf2+ 18. Rxf2 Bxf2 19. Ne4 Bh4 20. Nxc8 Raxc8 21. c3 Rcd8 22. Nd6 Be7 23. Bxe6 Bxd6 24. exd6 Rxd6 0-1


[Site "https://www.chess.com"]

[Event "Titled Tuesday Blitz November 07 Late 2023"]
[White "mind1mover"]
[Black "szachmistrz2500"]
[WhiteElo "2831"]
[BlackElo "2445"]
[Result "1-0"]
[Round "1"]
[TimeControl "180+1"]
[Date "2023.11.07"]
[WhiteClock "0:00:21"]
[BlackClock "0:00:24"]
[Board "45"]

1. Nf3 d5 2. b3 Nf6 3. Bb2 c6 4. c4 Bf5 5. g3 e6 6. Bg2 h6 7. O-O Nbd7 8. d3 Be7 9. Nbd2 O-O 10. a3 a5 11. Ra2 b5 12. Qa1 Bd6 13. Rc1 Qe7 14. Ne5 Nxe5 15. Bxe5 bxc4 16. bxc4 Bg6 17. Nf3 Rab8 18. Rac2 Rb3 19. c5 Bc7 20. Nd4 Bxe5 21. Nxc6 Qc7 22. Nxe5 Rfb8 23. Nxg6 fxg6 24. c6 a4 25. Bh3 Kf7 26. Kg2 g5 27. Kg1 g4 28. Bg2 R8b6 29. h3 h5 30. h4 Ne8 31. e4 Nf6 32. exd5 exd5 33. Qd4 Rxa3 34. Qxb6 Qxb6 35. c7 1-0


[Site "https://www.chess.com"]

[Event "Titled Tuesday Blitz November 07 Late 2023"]
[White "Haitin, Ilja"]
[Black "Zakhartsov, Vladimir"]
[WhiteFideId "4501764"]
[BlackFideId "4145097"]
[WhiteElo "2443"]
[BlackElo "2826"]
[Result "0-1"]
[Round "1"]
[TimeControl "180+1"]
[Date "2023.11.07"]
[WhiteClock "0:00:10"]
[BlackClock "0:01:51"]
[Board "46"]

1. Nf3 c5 2. g3 Nc6 3. Bg2 g6 4. c4 Bg7 5. Nc3 e6 6. h4 Nf6 7. d4 cxd4 8. Nb5 d5 9. cxd5 Qa5+ 10. Kf1 Qxb5 11. dxc6 Qxc6 12. Nxd4 Qd7 13. Bg5 h6 14. Be3 Ng4 15. Rc1 Nxe3+ 16. fxe3 O-O 17. Bf3 e5 18. Nb3 Qa4 19. a3 e4 20. Bxe4 Qxe4 21. Rh2 Be6 22. Nc5 Qxe3 23. Rf2 Bd4 24. Nd3 Bf5 0-1


[Site "https://www.chess.com"]